 Dungeon Crawl Stone Soup version bcrawl-1.19.2-6-g6a88ae04c9 (webtiles) character file.

Game seed: 13586591836951630574

7540 Mrkan the Grappler (level 10, -6/102 HPs)
             Began as a Troll Fighter on Dec 21, 2019.
             Was an Elder of Elyvilon.
             Mangled by an orc warrior
             ... wielding a +1 battleaxe of venom
              (18 damage)
             ... on level 8 of the Dungeon on Dec 24, 2019.
             The game lasted 00:13:21 (7378 turns).

Mrkan the Grappler (Troll Fighter)                  Turns: 7378, Time: 00:13:21

Health: -6/102     AC: 10    Str: 26    XL:     10   Next: 96%
Magic:  15/15      EV:  9    Int:  8    God:    Elyvilon [****..]
Gold:   582        SH: 11    Dex:  9    Spells: 9/9 levels left

rFire    . . .     SeeInvis .     - Unarmed
rCold    . . .     Gourm    +   a - +1 shield
rNeg     . . .     Faith    +   (armour unavailable)
rPois    .         Spirit   .   (helmet restricted)
rElec    +         Reflect  .   u - +0 cloak
rCorr    .         Harm     .   (gloves unavailable)
MR       .....                  (boots unavailable)
Stlth    +.........             w - amulet of faith
HPRegen  0.67/turn              m - ring of insulation
MPRegen  0.14/turn              x - +1 ring of protection

@: lethally poisoned (-6 -> -7)
A: large, almost no armour, unfitting armour, claws 3, fast metabolism 3,
gourmand, regeneration 1, AC +8
a: Lesser Healing, Heal Other, Purification, Greater Healing, Divine Protection,
Renounce Religion


You were on level 8 of the Dungeon.
You worshipped Elyvilon.
Elyvilon was greatly pleased with you.
You were very full.

You visited 1 branch of the dungeon, and saw 8 of its levels.

You collected 582 gold pieces.

Inventory:

Armour
 a - a +1 shield (worn)
 u - a +0 cloak (worn)
Jewellery
 m - a ring of insulation (left claw)
 w - an amulet of faith (around neck)
 x - a +1 ring of protection (right claw)
Wands
 t - a wand of polymorph (7)
Scrolls
 f - 5 scrolls of identify
 g - 2 scrolls of amnesia
 h - 4 scrolls of teleportation
 k - 3 scrolls of remove curse
 o - a scroll of magic mapping
 r - 2 scrolls of fear
 v - a scroll of brand weapon {unknown}
Potions
 b - 5 potions of might
 d - 2 potions of haste
 e - 2 potions of brilliance
 j - 2 potions of heal wounds
 l - a potion of invisibility {unknown}
 n - a potion of lignification {unknown}
 p - 2 potions of mutation
 q - 3 potions of curing
 s - a potion of agility {unknown}
 z - a potion of flight {unknown}
Comestibles
 c - 9 rations {!d}
 i - 2 chunks of flesh


   Skills:
 + Level 7.5 Fighting
 - Level 2.4 Dodging
 + Level 6.2 Shields
 * Level 9.4 Unarmed Combat
 - Level 8.0 Invocations


You had 9 spell levels left.
You didn't know any spells.
Your spell library contained the following spells:

 Spells                   Type           Power        Failure   Level  Hunger
 Magic Dart               Conj           #...         61%         1    ##.....
 Sting                    Conj/Pois      #...         61%         1    ##.....
 Blink                    Tloc           N/A          75%         2    ###....
 Call Imp                 Summ           #.....       75%         2    ###....
 Poisonous Vapours        Pois/Air       #.....       75%         2    ###....
 Confuse                  Hex            #.......     93%         3    ####...
 Conjure Flame            Conj/Fire      #.......     93%         3    ####...
 Dazzling Spray           Conj/Hex       #.....       93%         3    ####...
 Ignite Poison            Fire/Tmut/Pois #.......     93%         3    ####...
 Mephitic Cloud           Conj/Pois/Air  #.......     93%         3    ####...
 Spider Form              Tmut/Pois      #..          93%         3    ####...
 Olgreb's Toxic Radiance  Pois           #.......     100%        4    #####..
 Petrify                  Tmut/Erth      #.......     100%        4    #####..
 Summon Scorpions         Summ/Pois      #.......     100%        4    #####..
 Yara's Violent Unravell  Hex/Tmut       #.........   100%        4    #####..
 Metabolic Englaciation   Hex/Ice        #.........   100%        5    ######.
 Venom Bolt               Conj/Pois      #.........   100%        5    ######.
 Mana Rupture             Conj/Hex       #.........   100%        7    #######


Dungeon Overview and Level Annotations

Branches:
Dungeon (8/12)             Temple (0/1) D:4            Lair (0/6) D:7
    Orc: D:8-11

Altars:
Ashenzari
Elyvilon
Fedhas
Okawaru
Qazlal
Wu Jian
The Shining One

Shops:
D:5 }   D:7 :


Innate Abilities, Weirdness & Mutations

You cannot wear most types of armour.
Your thick skin is tough. (AC +8)
You are too large for most types of armour.
You have claws for hands.
Your metabolism is lightning-fast.
You like to eat raw meat.
Your natural rate of healing is unusually fast.


Message History

You closely miss the orc warrior.
The orc warrior is heavily wounded.
You feel sick. You block the orc warrior's attack.
You scratch the orc warrior but do no damage.
The orc warrior is heavily wounded.
You feel sick. The orc warrior barely misses you.
You scratch the orc warrior but do no damage.
The orc warrior is heavily wounded.
You feel sick.
You closely miss the orc warrior.
The orc warrior is heavily wounded.
You feel sick. The orc warrior barely misses you.
You scratch the orc warrior.
The orc warrior is severely wounded.
You feel sick.
You barely miss the orc warrior.
The orc warrior is severely wounded.
You feel sick.
The orc warrior hits you with a +1 battleaxe of venom!!
You die...

......................
.....................
..........>...#.....
##....####........# .
................##.. ### ..
#..........#..... .. .
##.............# ..
#........o###### .#
#......)##oo@.# .# #.
#.........#####.######.###...
....##........[................
#.......##########........##...
....##.# #.....).## #......
#......## ....# ###......# .#.#
##...)...[#
...############.†#......##.


You could see an orc warrior and 2 orcs.

Vanquished Creatures
  A two-headed ogre (D:8)
  2 centaur skeletons
  3 trolls
  2 hippogriffs
  Sigmund (D:3)
  5 yaks (D:8)
  A hungry ghost (D:7)
  A steam dragon (D:6)
  6 ice beasts
  4 orc warriors
  A sky beast (D:4)
  A slave (D:8)
  A hornet zombie (D:5)
  2 phantoms (D:7)
  4 ogres
  A centaur (D:5)
  A big kobold (D:6)
  6 bullfrogs
  6 killer bees (D:7)
  3 scorpions
  4 howler monkeys (D:8)
  A centaur zombie (D:5)
  8 crimson imps
  A jelly (D:7)
  A bullfrog zombie (D:7)
  3 orc priests
  3 hounds
  14 orc wizards
  A bullfrog skeleton (D:6)
  An iguana (D:7)
  Ijyb (D:3)
  4 worker ants
  2 hound skeletons
  A worker ant zombie (D:5)
  A howler monkey skeleton (D:5)
  9 adders
  4 gnolls (D:7)
  2 shadow imps
  3 oozes
  5 adder zombies
  2 worms
  4 leopard geckos
  41 orcs
  A ball python (D:5)
  2 giant cockroaches (D:1)
  3 goblins (D:1)
  7 hobgoblins
  8 jackals
  11 kobolds
  7 quokkas
  3 bats
  4 frilled lizards
  7 rats
221 creatures vanquished.

Notes
Turn   | Place    | Note
-------+----------+-------------------------------------------
     0 | D:1      | Mrkan the Troll Fighter began the quest for the Orb.
     0 | D:1      | Reached XP level 1. HP: 22/22 MP: 0/0
   208 | D:1      | Reached XP level 2. HP: 27/29 MP: 1/1
   641 | D:1      | Reached XP level 3. HP: 36/36 MP: 2/2
   882 | D:1      | Reached skill level 3 in Unarmed Combat
  1055 | D:2      | Found an iron altar of Okawaru.
  1178 | D:2      | Found a white marble altar of Elyvilon.
  1187 | D:2      | Became a worshipper of Elyvilon the Healer
  1799 | D:3      | Gained mutation: Your natural rate of healing is unusually
                  | fast. [Troll growth]
  1799 | D:3      | Reached XP level 4. HP: 36/44 MP: 3/3
  1848 | D:3      | Noticed Sigmund
  1854 | D:3      | Reached * piety under Elyvilon
  1879 | D:3      | Killed Sigmund
  1879 | D:3      | Reached skill level 4 in Unarmed Combat
  1879 | D:3      | Reached XP level 5. HP: 24/53 MP: 4/4
  1960 | D:3      | Reached XP level 6. HP: 60/61 MP: 5/5
  2056 | D:3      | Found a blossoming altar of Fedhas.
  2086 | D:3      | Reached skill level 5 in Unarmed Combat
  2266 | D:3      | Noticed Ijyb
  2276 | D:3      | Killed Ijyb
  2490 | D:3      | Found a shattered altar of Ashenzari.
  3076 | D:4      | Reached XP level 7. HP: 68/68 MP: 6/6
  3077 | D:4      | Reached ** piety under Elyvilon
  3170 | D:4      | Found a stormy altar of Qazlal.
  3211 | D:4      | Found a staircase to the Ecumenical Temple.
  3523 | D:5      | Entered Level 5 of the Dungeon
  3600 | D:5      | Found Osug's Gadget Boutique.
  3643 | D:5      | Reached skill level 6 in Unarmed Combat
  3864 | D:5      | Reached XP level 8. HP: 46/79 MP: 7/7
  3982 | D:5      | Reached skill level 7 in Unarmed Combat
  4263 | D:5      | Reached *** piety under Elyvilon
  4395 | D:6      | Reached skill level 1 in Invocations
  4465 | D:6      | Reached skill level 5 in Fighting
  4646 | D:6      | Reached XP level 9. HP: 39/88 MP: 11/11
  4814 | D:6      | Reached skill level 5 in Invocations
  5063 | D:6      | Found an ornate altar of the Wu Jian Council.
  5063 | D:6      | Noticed a troll
  5070 | D:6      | Killed a troll
  5429 | D:7      | Reached **** piety under Elyvilon
  5480 | D:7      | Reached skill level 5 in Shields
  5731 | D:7      | Found Vexkoiry's Book Emporium.
  5756 | D:7      | Found a staircase to the Lair.
  6096 | D:7      | Reached XP level 10. HP: 70/100 MP: 14/14
  7064 | D:8      | Found a glowing golden altar of the Shining One.
  7113 | D:8      | Reached skill level 8 in Unarmed Combat
  7154 | D:8      | Noticed a two-headed ogre
  7168 | D:8      | Killed a two-headed ogre
  7198 | D:8      | Reached skill level 9 in Unarmed Combat
  7378 | D:8      | Mangled by an orc warrior

Skill      XL: |  1  2  3  4  5  6  7  8  9 10 |
---------------+-------------------------------+-----
Unarmed Combat | 3 4 5 6 7 9 |  9.4
Fighting       | 3 4 5 6 7 |  7.5
Shields        | 3 4 5 6 |  6.2
Invocations    | 4 7 8 |  8.0
Dodging        | |  2.4

Action                   |  1- 3 |  4- 6 |  7- 9 | 10-12 || total
-------------------------+-------+-------+-------+-------++-------
Melee: Unarmed           |   113 |   120 |   417 |   223 ||   873
  Use: Potion            |       |     1 |       |     2 ||     3
       Scroll            |       |       |       |    10 ||    10
 Stab: Sleeping          |     1 |       |       |       ||     1
  Eat: Chunk             |    16 |     6 |    27 |     8 ||    57
Armor: Skin              |    48 |    35 |   163 |   116 ||   362
Dodge: Dodged            |    40 |    34 |   113 |   123 ||   310
Block: Shield            |    48 |    41 |   174 |   172 ||   435
